 Dungeon Crawl Stone Soup version 0.29.1-1-gd02db6906a (webtiles) character file.

Game seed: 364309076304697780

10382 Jakudza the Zephyrmancer (level 11, 0/63 HPs)
             Began as a Tengu Air Elementalist on Sept 24, 2022.
             Was a Priest of Ashenzari.
             Slain by a catoblepas (13 damage)
             ... while petrified by a catoblepas
             ... on level 1 of the Lair of Beasts on Sept 25, 2022.
             The game lasted 00:58:24 (15258 turns).

Jakudza the Zephyrmancer (Tengu Air Elementalist)  Turns: 15258, Time: 00:58:24

Health: 0/63       AC:  7    Str:  9    XL:     11   Next: 61%
Magic:  5/19       EV:  2    Int: 20    God:    Ashenzari [***...]
Gold:   614        SH:  0    Dex: 20    Spells: 2/20 levels left

rFire   . . .      SeeInvis +   c - +1 short sword of the Tethered Empyrean {freeze, Fort, Elem} (curse)
rCold   . . .      Faith    .   h - orb "Elysian Irritation" {guile, Evo, Range} (curse)
rNeg    + + +      Spirit   .   s - +2 robe of Ashenzari's Cynicism {Will+, Fort, Cun} (curse)
rPois   ∞          Reflect  .   (helmet restricted)
rElec   .          Harm     .   p - +2 cloak of Supernal Understanding {Elem, Range} (curse)
rCorr   .          Rampage  .   (no gloves)
Will    .....      Clarity  +   (boots unavailable)
Stlth   ++++......              (no amulet)
HPRegen 0.20/turn               d - +6 ring of dexterity
MPRegen 0.16/turn               w - ring "I Foresaw This" {EV+4, Fort, Elem} (curse)

@: petrified, flying quickly and evasively, quick
A: beak, talons 3, nimble flight
a: Renounce Religion, Curse Item, Shatter the Chains


You were on level 1 of the Lair of Beasts.
You worshipped Ashenzari.
Ashenzari was most pleased with you.
You visited 2 branches of the dungeon, and saw 11 of its levels.
You also visited: Bailey.

You collected 614 gold pieces.

Inventory:

Hand Weapons
 c - the cursed +1 short sword of the Tethered Empyrean (weapon) {freeze, Fort, Elem}
   (You took it off a kobold on level 1 of the Dungeon)

   It freezes those it strikes, dealing additional cold damage.
   It can also slow down cold-blooded creatures.
   It has a curse which improves the following skills: Fortitude: Armour and
   Shields.
   Elements:  Fire Magic, Ice Magic, Air Magic and Earth Magic.
Armour
 h - the cursed orb "Elysian Irritation" (worn) {guile, Evo, Range}
   (You found it on level 1 of the Dungeon)

   It has a curse which improves the following skills: Evocations: Evocations.
   Ranged Combat: Ranged Weapons and Throwing.
 p - the cursed +2 cloak of Supernal Understanding (worn) {Elem, Range}
   (You took it off Crazy Yiuf on level 6 of the Dungeon)

   It has a curse which improves the following skills: Elements: Fire Magic, Ice
   Magic, Air Magic and Earth Magic.
   Ranged Combat: Ranged Weapons and Throwing.
 s - the cursed +2 robe of Ashenzari's Cynicism (worn) {Will+, Fort, Cun}
   (You took it off Pikel on level 4 of the Dungeon)

   It has a curse which improves the following skills: Fortitude: Armour and
   Shields.
   Cunning:   Dodging and Stealth.
 t - a scarf of harm
 x - an orb of energy
Magical Staves
 j - a staff of cold
 m - a staff of fire
Jewellery
 d - a +6 ring of dexterity (left hand)
 f - a ring of resist corrosion
 w - the cursed ring "I Foresaw This" (right hand) {EV+4, Fort, Elem}
   (You found it on level 8 of the Dungeon)

   [ring of evasion]

   EV:        It affects your evasion (+4).
   It has a curse which improves the following skills: Fortitude: Armour and
   Shields.
   Elements:  Fire Magic, Ice Magic, Air Magic and Earth Magic.
Wands
 a - a wand of mindburst (8)
 e - a wand of digging (7)
 i - a wand of flame (25)
 r - a wand of polymorph (11)
Scrolls
 o - 3 scrolls of amnesia
 q - 6 scrolls of teleportation
 u - a scroll of enchant armour
 y - a scroll of enchant weapon
 C - a scroll of summoning
Potions
 b - 4 potions of magic
 g - a potion of resistance
 k - 4 potions of curing
 l - a potion of invisibility
 n - 2 potions of haste
 v - 3 potions of berserk rage
 z - a potion of might
 A - a potion of brilliance
 B - a potion of cancellation


   Skills:
 - Level 5.0 Fighting
 + Level 7.7(9.4) Dodging
 + Level 6.4(8.0) Stealth
 - Level 5.0 Spellcasting
 + Level 8.8 Conjurations
 + Level 6.0(9.2) Fire Magic
 * Level 12.7(15.9) Air Magic
 + Level 5.5(7.1) Evocations


You had 2 spell levels left.
You knew the following spells:

 Your Spells              Type           Power      Damage    Failure   Level
a - Shock                 Conj/Air       100%       1d9       1%          1
b - Static Discharge      Conj/Air       53%        3-10/arc  1%          2
c - Airstrike             Air            31%        2d(5-21)  1%          4
d - Fireball              Conj/Fire      20%        3d10      8%          5
e - Starburst             Conj/Fire      20%        6d7       41%         6

Your spell library contained the following spells:

 Spells                   Type           Power      Damage    Failure   Level
 Poisonous Vapours        Pois/Air       72%        N/A       1%          2
 Sandblast                Erth           12%        2d6       10%         1
 Sting                    Tmut/Pois      20%        1d4       12%         1
 Passwall                 Tmut/Erth      4%         N/A       16%         2
 Swiftness                Air            62%        N/A       1%          3
 Stone Arrow              Conj/Erth      46%        3d9       5%          3
 Corpse Rot               Necr/Pois/Air  26%        N/A       13%         4
 Gell's Gravitas          Tloc           5%         N/A       34%         3
 Lesser Beckoning         Tloc           5%         N/A       34%         3
 Teleport Other           Tloc           5%         N/A       34%         3
 Olgreb's Toxic Radiance  Pois           5%         N/A       75%         4
 Ignition                 Fire           20%        3d7       100%        8


Dungeon Overview and Level Annotations

Branches:
Dungeon (10/15)            Temple (0/1) D:5            Lair (1/5) D:10
 Bailey (visited)
    Orc: D:9-12

Altars:
Ashenzari
Cheibriados
Fedhas
Gozag
Hepliaklqana
Makhleb
Nemelex Xobeh
Sif Muna
Uskayaw
Zin
The Shining One

Shops:
D:6 *


Innate Abilities, Weirdness & Mutations

You have a beak for a mouth.
You have claws for feet.
Your magical nature lets you fly swiftly and evasively.


Message History

Aiming: Airstrike (safe; 1% risk of failure)
Press: ? - help, Dir - move target, f/p - catoblepas
Aim: a catoblepas (calcifying dust, lightly wounded, empty space bonus: 5/8)
The air twists around and strikes the catoblepas!
The catoblepas is moderately wounded.
Casting: Airstrike (safe; 1% risk of failure)
Confirm with . or Enter, or press ? or * to list all spells.
Aiming: Airstrike (safe; 1% risk of failure)
Press: ? - help, Dir - move target, f/p - catoblepas
Aim: a catoblepas (calcifying dust, moderately wounded, empty space bonus: 6/8)
The air twists around and strikes the catoblepas but does no damage.
Casting: Airstrike (safe; 1% risk of failure)
Confirm with . or Enter, or press ? or * to list all spells.
Aiming: Airstrike (safe; 1% risk of failure)
Press: ? - help, Dir - move target, f/p - catoblepas
Aim: a catoblepas (moderately wounded, empty space bonus: 7/8)
The air twists around and strikes the catoblepas!!
The catoblepas is heavily wounded.
Casting: Airstrike (safe; 1% risk of failure)
Confirm with . or Enter, or press ? or * to list all spells.
You don't have enough magic to cast this spell.
Unknown command.
Unknown command.
A catoblepas is nearby!
The catoblepas breathes a plume of calcifying dust at you.
The blast of calcifying dust hits you!
You are engulfed in calcifying dust.
You are slowing down.
Your limbs are stiffening.
You have turned to stone.
The catoblepas gores you!! The catoblepas gores you! The catoblepas gores you!!
The catoblepas barely misses you.
The catoblepas breathes a plume of calcifying dust at you.
The blast of calcifying dust hits you.
You are engulfed in calcifying dust.
The catoblepas gores you!
* * * LOW HITPOINT WARNING * * *
You are engulfed in calcifying dust.
The catoblepas gores you!!
You die...

.##..##*#.##.# #.## *
...#..##..##.###*#..#
#..#.###P
#.##P##.######## *
.....#
,*#..............# *
, ##..##
*######..P###....
##.### ########.##
*,,,. .....#
........§P# *, ,
.....####..##.#..#.##
*
..............§§@Y.##
,, , ,
.....###..########..#
......#. ,.###* #§##
* ** ..........
....P##§####*,
.....###..
#....Y...#* * >....#
.#* ##..P.....#, , *
##.P## P
#.##..§....... #.## ,
..,#.##.#.....#*
#.### ..,...
#...#.###


You could see a catoblepas.

Vanquished Creatures
  A hydra (D:8)
  Pikel (D:4)
  A kobold demonologist (D:10)
  An unseen horror (D:8)
  6 komodo dragons (D:10)
  Prince Ribbit (D:7)
  A wraith (D:9)
  A wyvern (D:10)
  15 yaks
  Duvessa (D:4)
  4 water moccasins
  An acid dragon (D:10)
  An ice beast (D:7)
  4 orc warriors
  A sky beast (D:7)
  A swamp drake (D:10)
  2 ogres
  6 wolves (Lair:1)
  A centaur (D:10)
  A lemure (D:4)
  2 kobold brigands
  2 bullfrogs
  A scorpion (D:5)
  8 wights
  Dowan (D:4)
  12 killer bees
  5 orc priests
  A hound (D:5)
  A jelly (D:8)
  Crazy Yiuf (D:6)
  A gnoll bouda (D:9)
  3 iguanas
  Jessica (D:2)
  Ijyb (D:5)
  4 orc wizards
  Natasha (thrice) (D:2)
  Robin (D:4)
  12 gnolls
  5 adders
  2 shadow imps (D:7)
  A white imp (D:6)
  An ufetubus (D:6)
  4 worms
  A dart slug (D:5)
  67 orcs
  3 bats
  7 endoplasms
  2 giant cockroaches (D:1)
  16 goblins
  6 hobgoblins
  2 quokkas
  4 ball pythons
  3 frilled lizards
  9 kobolds
  3 rats
247 creatures vanquished.

Vanquished Creatures (collateral kills)
  Joseph (D:9)
1 creature vanquished.

Vanquished Creatures (others)
  4 fungi (D:6)
  A plant (Lair:1)
5 creatures vanquished.

Grand Total: 253 creatures vanquished

Notes
Turn   | Place    | Note
-------+----------+-------------------------------------------
     0 | D:1      | Jakudza the Tengu Air Elementalist began the quest for the
                  | Orb.
     0 | D:1      | Reached XP level 1. HP: 10/10 MP: 4/4
   178 | D:1      | Reached XP level 2. HP: 15/15 MP: 4/6
  1160 | D:2      | Reached XP level 3. HP: 19/19 MP: 1/7
  1225 | D:2      | Noticed Natasha
  1230 | D:2      | Killed Natasha
  1286 | D:2      | Noticed Natasha
  1289 | D:2      | Killed Natasha
  1290 | D:2      | Reached XP level 4. HP: 24/24 MP: 4/9
  1293 | D:2      | Learned a level 2 spell: Static Discharge
  1337 | D:2      | Found a broken altar of Ashenzari.
  1380 | D:2      | Became a worshipper of Ashenzari the Shackled
  1451 | D:2      | Noticed Jessica
  1463 | D:2      | Killed Jessica
  1464 | D:2      | Reached skill level 1 in Fighting
  1464 | D:2      | Reached skill level 5 in Air Magic
  1788 | D:2      | Gained mutation: Your magical nature lets you fly swiftly
                  | and evasively. [Tengu growth]
  1788 | D:2      | Reached XP level 5. HP: 24/29 MP: 6/10
  1849 | D:2      | Noticed Natasha
  1854 | D:2      | Killed Natasha
  2519 | D:3      | Found a sparkling altar of Nemelex Xobeh.
  2931 | D:3      | Reached XP level 6. HP: 27/34 MP: 4/12
  3069 | D:3      | Found a faded altar of an unknown god.
  3257 | D:3      | Found a shimmering blue altar of Sif Muna.
  3492 | D:4      | Noticed Robin
  3496 | D:4      | Killed Robin
  3692 | D:4      | Noticed Duvessa
  3693 | D:4      | Noticed Dowan
  3701 | D:4      | Killed Duvessa
  3702 | D:4      | Reached skill level 6 in Air Magic
  4002 | D:4      | Killed Dowan
  4003 | D:4      | Reached XP level 7. HP: 23/40 MP: 4/14
  4317 | D:4      | Noticed Pikel
  4418 | D:4      | Killed Pikel
  4419 | D:4      | Reached skill level 7 in Air Magic
  4419 | D:4      | Reached XP level 8. HP: 27/45 MP: 4/16
  4574 | D:4      | Found a glowing silver altar of Zin.
  4672 | D:4      | Found a hazy altar of Hepliaklqana.
  4674 | D:4      | Found a blossoming altar of Fedhas.
  4728 | D:4      | Identified the +6 mace "Gopopob" {elec, *Rage rPois Int+4}
  4851 | D:4      | Reached * piety under Ashenzari
  4871 | D:4      | Learned a level 4 spell: Airstrike
  5098 | D:5      | Entered Level 5 of the Dungeon
  5098 | D:5      | Noticed Ijyb
  5098 | D:5      | Found a glowing golden altar of the Shining One.
  5266 | D:5      | Killed Ijyb
  5269 | D:5      | Reached skill level 5 in Spellcasting
  5524 | D:5      | Reached ** piety under Ashenzari
  5612 | D:5      | Reached skill level 1 in Fire Magic
  5612 | D:5      | Reached skill level 1 in Evocations
  5729 | D:5      | Found a staircase to the Ecumenical Temple.
  5772 | D:5      | Reached skill level 5 in Conjurations
  5865 | D:5      | Reached skill level 8 in Air Magic
  6178 | D:6      | Found Pebeaps's Elemental Accessories.
  6647 | D:6      | Found a runed translucent door.
  6648 | D:6      | Noticed Crazy Yiuf
  6652 | D:6      | Killed Crazy Yiuf
  6690 | D:6      | Reached *** piety under Ashenzari
  6742 | D:6      | Reached skill level 5 in Dodging
  6771 | D:7      | Reached XP level 9. HP: 51/51 MP: 4/17
  6777 | D:7      | Learned a level 5 spell: Fireball
  7060 | D:7      | Noticed Prince Ribbit
  7064 | D:7      | Killed Prince Ribbit
  7151 | D:7      | Reached skill level 9 in Air Magic
  7371 | D:7      | Noticed a +0 hand axe
  7372 | D:7      | Noticed a +3 hand axe
  7383 | D:7      | Found a hide-covered altar of Uskayaw.
  7547 | D:7      | Identified the +1 pair of gloves of Hedging {Slay+2}
  8175 | D:8      | Noticed an unseen horror
  8191 | D:8      | Killed an unseen horror
  8298 | D:8      | Found a shimmering blue altar of Sif Muna.
  8598 | D:8      | Reached skill level 10 in Air Magic
  8598 | D:8      | Reached XP level 10. HP: 38/58 MP: 2/18
  9542 | D:8      | Found a hide-covered altar of Uskayaw.
  9542 | D:8      | Noticed a seven-headed hydra
  9546 | D:8      | Killed a seven-headed hydra
  9547 | D:8      | Reached skill level 5 in Fighting
 10076 | D:9      | Found a broken altar of Ashenzari.
 10099 | D:9      | Reached skill level 5 in Stealth
 10181 | D:9      | Reached skill level 11 in Air Magic
 10656 | D:9      | Found an opulent altar of Gozag.
 10952 | D:9      | Noticed Joseph
 10973 | D:9      | Killed Joseph
 10974 | D:9      | Reached skill level 5 in Fire Magic
 11509 | D:10     | Entered Level 10 of the Dungeon
 11549 | D:10     | Found a flagged portal.
 11641 | Bailey   | Entered a bailey
 11821 | Bailey   | Noticed an orc knight
 12580 | D:10     | Found a snail-covered altar of Cheibriados.
 12588 | D:10     | Reached XP level 11. HP: 49/63 MP: 10/19
 12960 | D:10     | Reached skill level 12 in Air Magic
 13051 | D:10     | Reached skill level 5 in Evocations
 13955 | D:10     | Found a burning altar of Makhleb.
 14514 | D:10     | Learned a level 6 spell: Starburst
 14628 | D:10     | Found a staircase to the Lair.
 15005 | Lair:1   | Entered Level 1 of the Lair of Beasts
 15241 | Lair:1   | Noticed a catoblepas
 15258 | Lair:1   | Slain by a catoblepas

Illustrated notes

Levels and vault maps discovered:
D:1:      elethiomel_arrival_infinity_welcomes_careful_drivers, layout_basic
D:2:      layout_basic, basic_altar, kennysheep_generic_room_4, uniq_jessica,
          uniq_natasha
D:3:      layout_rooms, lemuel_doored_altar, nemelex_dance_club_becter,
          chequers_ecumenical_altar_simple
D:4:      layout_basic, zin_academy, nicolae_overflow_hidden_temple, uniq_pikel,
          uniq_robin, uniq_duvessa
D:5:      layout_cave_pools, mainiacjoe_overflow_tiny_flanked,
          minmay_temple_entry_antechambers, uniq_ijyb
D:6:      layout_cave_pools, nicolae_elemental_shop, uniq_crazy_yiuf_cottage
D:7:      layout_gridville, dancing_weapons_uskayaw, uniq_prince_ribbit1
D:8:      layout_basic, hangedman_feature_mirror
D:9:      layout_basic, mainiacjoe_overflow_alcove_4, marbit_many_paths,
          interstate_on_off, uniq_joseph
D:10:     layout_roguey [special_room_orc], cheibriados_altar_1,
          lightli_temple_of_fire, erik_lair_dragon,
          lightli_bailey_entry_fortress
Lair:1:   layout_loops_ring, st_stairs_7, pond, uniq_urug

Skill      XL: |  1  2  3  4  5  6  7  8  9 10 11 |
---------------+----------------------------------+-----
Conjurations   | 2 3 4 5 6 7 8 |  8.8
Fighting       | 1 2 3 4 5 |  5.0
Air Magic      | 5 6 7 8 10 11 12 | 12.7
Dodging        | 3 4 5 6 7 |  7.7
Spellcasting   | 3 4 5 |  5.0
Fire Magic     | 2 3 5 6 |  6.0
Evocations     | 1 3 4 5 |  5.5
Stealth        | 3 4 5 6 |  6.4

Action                   |  1- 3 |  4- 6 |  7- 9 | 10-12 || total
-------------------------+-------+-------+-------+-------++-------
Melee: Short sword       |     2 |     2 |    15 |    25 ||    44
       Kick              |     1 |       |     8 |    10 ||    19
       Peck              |     1 |       |     3 |     7 ||    11
 Cast: Shock             |    50 |    85 |   106 |   174 ||   415
       Static Discharge  |       |    15 |    28 |    50 ||    93
       Airstrike         |       |       |    25 |    47 ||    72
       Fireball          |       |       |       |     7 ||     7
       Starburst         |       |       |       |     1 ||     1
Invok: Curse Item        |       |     1 |     3 |     1 ||     5
  Use: Scroll            |     4 |     3 |     2 |     2 ||    11
       Potion            |       |       |       |     2 ||     2
 Stab: Sleeping          |       |       |       |     1 ||     1
Armor: Robe              |       |     4 |     6 |    13 ||    23
Dodge: Dodged            |     5 |    27 |    45 |   136 ||   213
